Map: Dusk Towers

Players

ThatGuy - Winner!

  • Race: Zerg Zerg
  • League: Diamond

LilDicky

  • Race: Terran Terran
  • League: Diamond

VOD

http://www.twitch.tv/tumescentpie

Description

Time

  • Played on: Dec. 24, 2015, 11:28 p.m.
  • Length: 17:23
Show
View Real Time Build Order
Export as new Build Order

ThatGuy Zerg - Winner!

Build Orders: Hatch First, Lurkers 

Get SALT Encoding   

  12  0:01  Drone  
  13  0:08  Drone  
  14  0:18  Drone, Extractor  
  15  0:22  Overlord  
  15  0:40  Drone x2  
  17  0:53  Hatchery  
  16  0:58  Drone  
  17  1:12  Spawning Pool  
  17  1:14  Drone  
  17  1:17  Drone  
  18  1:22  Drone  
  19  1:25  Extractor  
  19  1:28  Drone  
  19  1:38  Overlord  
  19  1:56  Drone  
  19  1:59  Queen  
  19  2:01  Zergling x2  
  23  2:05  Zergling x2, Queen  
  26  2:11  Zergling x2  
  27  2:17  Drone  
  28  2:25  Drone  
  29  2:33  Drone x2  
  29  2:36  Queen  
  31  2:38  Overlord  
  33  2:55  Drone x3  
  36  3:00  Drone  
  36  3:01  Roach Warren  
  36  3:04  Drone  
  36  3:13  Drone x2  
  36  3:14  Drone  
  36  3:18  Extractor  
  38  3:20  Drone x2  
  40  3:34  Drone x3  
  40  3:38  Overlord x2  
  43  3:49  Overlord x2  
  43  3:52  Lair  
  43  3:56  Extractor  
  43  3:57  Drone x2  
  43  3:58  Drone x3  
  43  3:59  Drone  
  48  4:03  Drone  
  48  4:09  Spore Crawler  
  48  4:13  Spore Crawler  
  48  4:15  Drone  
  48  4:16  Drone  
  49  4:20  Overlord x2  
  49  4:23  Roach x3  
  55  4:34  Roach x4  
  63  4:44  Evolution Chamber, Drone  
  63  4:46  Roach  
  65  5:07  Spore Crawler  
  65  5:08  Drone x2  
  65  5:10  Spore Crawler  
  65  5:14  Zerg Missile Weapons Level 1  
  65  5:15  Glial Reconstitution, Roach x5  
  65  5:16  Roach  
  65  5:20  Ravager x4  
  81  5:36  Roach  
  81  5:39  Zergling x4  
  79  5:56  Roach x2  
  83  5:57  Overlord x3  
  83  5:58  Overlord  
  83  6:05  Nydus Network  
  83  6:11  Drone  
  83  6:15  Queen x2  
  83  6:16  Spine Crawler  
  86  6:19  Hatchery, Drone  
  86  6:20  Drone x2  
  86  6:22  Drone  
  89  6:35  Spore Crawler  
  88  6:45  Nydus Canal  
  88  7:20  Roach x4  
  88  7:21  Roach x3  
  88  7:26  Drone x2  
  90  7:34  Drone x4  
  90  7:35  Ravager x3  
  90  7:36  Ravager x2  
  99  7:53  Spine Crawler  
  99  7:54  Hydralisk Den  
  99  7:55  Extractor  
  99  7:56  Drone x2  
  98  8:01  Drone, Spine Crawler  
  98  8:03  Zerg Missile Weapons Level 2  
  98  8:05  Evolution Chamber  
  97  8:08  Drone x4  
  97  8:09  Drone  
  102  8:14  Spore Crawler  
  102  8:15  Spore Crawler  
  100  8:23  Lurker Den  
  100  8:24  Hydralisk  
  100  8:25  Hydralisk x3  
  108  8:27  Drone x5  
  108  8:28  Drone x7  
  120  8:34  Spore Crawler  
  100  8:51  Roach x2  
  75  9:04  Roach x3  
  75  9:05  Roach x7  
  75  9:07  Roach x3  
  93  9:10  Roach x2  
  93  9:16  Roach  
  93  9:17  Roach x3  
  101  9:23  Roach x3  
  107  9:33  Roach x2  
  111  9:40  Drone x3  
  110  9:53  Hydralisk  
  110  9:54  Hydralisk  
  110  9:56  Overlord x3  
  110  9:57  Overlord, Overseer x2  
  114  10:07  Extractor x2  
  112  10:21  Zerg Ground Armor Level 1  
  112  10:23  Hatchery  
  112  10:25  Drone  
  112  10:28  Infestation Pit  
  111  10:31  Drone  
  112  10:37  Hydralisk  
  112  10:38  Hydralisk x7  
  112  10:42  Queen  
  130  10:58  Overseer  
  116  11:15  Hydralisk  
  116  11:16  Hydralisk x7  
  116  11:17  Hydralisk x3  
  138  11:18  Hydralisk  
  138  11:20  Queen  
  142  11:29  Drone x2  
  142  11:30  Drone x2  
  146  11:35  Spine Crawler  
  146  11:37  Spore Crawler  
  144  11:54  Hive  
  144  12:14  Spine Crawler  
  143  12:16  Spore Crawler  
  143  12:18  Hydralisk x2  
  143  12:22  Spine Crawler x2  
  138  12:28  Spine Crawler  
  137  12:30  Spine Crawler  
  137  12:34  Lurker x2  
  136  12:59  Drone x2  
  138  13:05  Spore Crawler  
  138  13:06  Spine Crawler  
  138  13:10  Spine Crawler  
  138  13:11  Spine Crawler x2  
  133  13:13  Drone x3  
  133  13:14  Spine Crawler  
  133  13:17  Spine Crawler  
  134  13:24  Muscular Augments  
  134  13:30  Viper  
  134  13:32  Overlord  
  134  13:33  Overlord x7  
  137  13:41  Spore Crawler  
  136  13:49  Drone  
  136  13:50  Drone  
  136  13:53  Viper x5  
  154  13:55  Lurker x2  
  154  13:56  Lurker x5  
  154  13:57  Lurker  
  154  13:58  Lurker  
  154  13:59  Hydralisk x3  
  168  14:23  Hatchery  
  146  15:45  Hydralisk x11  
  146  15:46  Hydralisk x14  
  164  16:19  Zergling x20  
  164  16:20  Zergling x8  
  174  16:54  Hydralisk  
  174  16:55  Hydralisk x8  
  192  17:02  Lurker x6  
  198  17:18  Hatchery  
Show
View Real Time Build Order
Export as new Build Order

LilDicky Terran 

Build Orders: Reaper Expand, MMM Bio 

Get SALT Encoding   

  12  0:02  SCV  
  13  0:14  SCV  
  14  0:18  Supply Depot  
  14  0:26  SCV  
  15  0:37  Refinery  
  15  0:40  SCV  
  16  0:45  Barracks  
  16  0:52  SCV  
  17  1:04  SCV  
  18  1:16  SCV  
  19  1:32  Reaper  
  20  1:34  Orbital Command  
  20  1:42  Command Center  
  20  1:54  Supply Depot  
  20  1:59  SCV  
  21  2:04  Marine  
  22  2:11  SCV  
  23  2:27  Barracks x2  
  23  2:31  Barracks Tech Lab  
  23  2:33  SCV  
  24  2:49  SCV  
  24  2:51  Marine  
  24  2:55  Barracks x2  
  25  2:59  Orbital Command  
  25  3:01  SCV  
  25  3:05  Stimpack  
  26  3:09  Marine  
  27  3:13  SCV  
  27  3:17  Barracks Tech Lab  
  28  3:24  Barracks Reactor  
  28  3:27  SCV, Marine  
  30  3:35  SCV  
  30  3:37  Marine  
  30  3:38  Combat Shields  
  32  3:42  Marine  
  32  3:45  Marine  
  32  3:47  Marine  
  35  3:49  Refinery  
  35  3:52  SCV  
  35  3:53  SCV  
  35  3:55  Marine  
  39  4:03  Marine  
  39  4:04  SCV, Marine x2  
  39  4:06  Barracks Reactor  
  39  4:07  Barracks Reactor  
  42  4:13  SCV  
  42  4:14  Marine  
  44  4:19  SCV  
  44  4:20  Marine  
  44  4:24  Supply Depot  
  46  4:42  SCV x2, Marine x4  
  46  4:43  Marine x2  
  46  4:45  Marine  
  55  4:46  Supply Depot x2  
  55  4:47  Marine  
  56  4:54  SCV  
  56  4:56  SCV  
  58  5:00  Marine x4  
  58  5:02  Barracks  
  58  5:04  Barracks  
  62  5:07  Marine x4  
  62  5:08  SCV  
  62  5:09  SCV  
  62  5:12  Supply Depot  
  68  5:18  Marine  
  68  5:20  Marine x2  
  71  5:21  Marine  
  71  5:25  Factory  
  72  5:29  SCV x2, Marine  
  73  5:41  SCV  
  65  5:46  Marine x4  
  66  5:52  Barracks Tech Lab  
  66  5:53  Barracks Tech Lab  
  66  5:55  SCV x2  
  68  5:58  Supply Depot  
  68  5:59  Marine x2  
  68  6:01  Marauder x2  
  68  6:02  Concussive Shells  
  74  6:07  SCV  
  74  6:09  Supply Depot  
  74  6:10  Marine  
  76  6:12  Factory Reactor  
  76  6:15  Starport  
  76  6:16  Marine x2  
  76  6:17  SCV, Marauder  
  81  6:20  SCV  
  81  6:21  Marauder  
  81  6:22  Marine  
  81  6:23  Marauder  
  81  6:25  Marauder  
  89  6:26  Marine  
  89  6:28  Marine  
  91  6:38  Engineering Bay  
  91  6:39  Supply Depot  
  91  6:42  Supply Depot  
  91  6:48  Marine x2  
  91  6:49  Marauder  
  95  7:08  Marine x3  
  97  7:09  Marauder  
  99  7:17  Supply Depot  
  87  7:26  Marine x3, Medivac x2  
  92  7:34  SCV  
  92  7:36  Marine x2  
  96  7:37  SCV  
  96  7:44  Marine  
  96  7:45  Marine  
  96  7:46  SCV  
  96  7:49  SCV  
  100  7:52  Missile Turret  
  100  7:54  Supply Depot  
  100  7:55  Command Center  
  100  7:58  Engineering Bay  
  100  7:59  SCV, Marine, Supply Depot  
  100  8:00  Marauder, Marine x2  
  100  8:01  SCV, Marauder  
  109  8:07  Refinery  
  109  8:08  Refinery  
  109  8:10  Supply Depot x2  
  109  8:11  SCV  
  109  8:12  Marine  
  110  8:13  SCV  
  110  8:14  Supply Depot, Marine  
  110  8:19  Supply Depot  
  113  8:23  Terran Infantry Weapons Level 1, SCV  
  113  8:25  Engineering Bay  
  114  8:28  Marine x2  
  114  8:29  Marine  
  114  8:32  Medivac  
  101  8:54  Marine  
  101  8:55  Marauder x2  
  93  9:07  Marine x7  
  95  9:11  Marine  
  95  9:16  Marauder, Marine  
  99  9:25  Marine  
  99  9:26  Marauder  
  99  9:27  Marine  
  99  9:28  Medivac x2  
  99  9:29  SCV x2  
  99  9:30  Orbital Command  
  107  9:37  Marauder, Marine x2  
  105  9:44  Command Center, Marine  
  106  9:51  Marine x5  
  106  9:52  Barracks, Marauder  
  105  9:55  Marine x2  
  105  9:59  Marauder  
  111  10:00  SCV x2  
  111  10:02  Marine  
  112  10:08  Barracks  
  112  10:09  Barracks  
  112  10:11  Barracks  
  112  10:14  Marine x2  
  112  10:15  Armory, Terran Infantry Armor Level 1  
  112  10:18  Medivac  
  112  10:19  Marine  
  117  10:29  Marine x2  
  117  10:30  Marauder  
  121  10:36  Marine x2  
  121  10:37  Marauder x3  
  129  10:43  Marine  
  129  10:44  Marine  
  124  11:08  Marine x3  
  124  11:09  Marine x3  
  124  11:10  Marauder x3, Marine  
  113  11:14  Planetary Fortress  
  110  11:20  Marine  
  110  11:21  Marauder  
  115  11:26  Marine x2  
  115  11:31  Missile Turret  
  115  11:32  Marine x3, Marauder x3  
  124  11:33  Missile Turret  
  124  11:34  Marine  
  124  11:35  Barracks Tech Lab  
  124  11:38  Barracks Tech Lab x2  
  124  11:39  Marine  
  126  11:41  SCV, Refinery  
  126  11:43  Marauder  
  126  11:44  SCV x2, Marine x2  
  133  11:53  Marauder  
  125  12:10  Marine x2  
  127  12:19  Marine x5  
  127  12:20  Marauder x3  
  136  12:49  Marine x2  
  136  12:50  Marauder  
  132  12:53  Marine  
  132  12:54  Marauder x2, Marine  
  132  12:58  Missile Turret, Marine x2  
  138  12:59  Marauder x2, Medivac, Marine  
  138  13:00  Marine, Missile Turret, Medivac  
  138  13:01  Marine  
  149  13:06  Starport  
  149  13:07  Barracks  
  149  13:08  Barracks  
  149  13:10  Barracks x2  
  149  13:11  Terran Infantry Weapons Level 2, Barracks, Terran Infantry Armor Level 2  
  149  13:12  Marauder, Marine x4  
  155  13:15  Marine  
  155  13:16  Marine, Marauder x2  
  161  13:22  Refinery  
  161  13:23  Refinery, Missile Turret  
  161  13:25  Supply Depot  
  161  13:30  SCV, Sensor Tower  
  161  13:33  SCV x2, Refinery  
  161  13:34  Marine  
  165  13:38  Marine x2  
  165  13:39  Medivac, Marauder  
  171  13:44  Starport Reactor  
  171  13:51  Marine x2  
  171  13:52  Marauder x2, Marine  
  171  13:53  Command Center  
  178  14:00  Marine  
  178  14:01  Marauder, Marine x2  
  178  14:02  Marine  
  184  14:03  Supply Depot  
  184  14:13  Terran Vehicle And Ship Armor Level 1  
  184  14:15  Marine x3  
  184  14:16  Marine, Marauder x4  
  196  14:22  Supply Depot  
  196  14:25  SCV x2  
  196  14:26  SCV x2  
  196  14:29  Supply Depot  
  102  15:06  Marine x3  
  102  15:07  Marine x6  
  93  15:09  Marauder x4  
  93  15:12  Marine  
  93  15:13  Marine x2  
  93  15:14  Marine x2  
  111  15:15  Marauder  
  114  15:24  Marine x4  
  114  15:25  Marine x5  
  116  15:30  Marauder x4, Marine  
  116  15:31  Marine x2  
  116  15:32  Marauder, Marine  
  130  15:35  Marine  
  130  15:42  Marine x6  
  92  15:50  Marauder, Marine x3  
  92  15:51  Planetary Fortress  
  92  15:52  Marauder x4  
  92  15:53  Marine  
  99  15:58  Marine x3  
  99  15:59  Marauder  
  99  16:00  Marine x2  
  99  16:03  Marine x2  
  96  16:07  Marine  
  96  16:10  Marine  
  79  16:11  Marauder  
  79  16:16  Marine x2  
  56  16:25  Marine x2  
  56  16:26  Marine  
  56  16:31  Marine  
Tags
 
Add a new tag
Caveats
  • Supply blocks, unpowered buildings, or Contaminate may cause inaccurate times.
  • Supply counts are checked every 10 seconds.